 Dungeon Crawl Stone Soup version 0.31-a0-7-g51783674b7 (webtiles) character file.

Game seed: 12305000496549100719

3806 Dittersdorf the Protected (level 10, -3/65 HPs)
             Began as a Gargoyle Fighter on May 5, 2023.
             Was a Believer of Okawaru.
             Slain by a polar bear (7 damage)
             ... on level 9 of the Dungeon.
             The game lasted 00:11:38 (8161 turns).

Dittersdorf the Protected (Gargoyle Fighter)        Turns: 8161, Time: 00:11:38

Health: -3/65      AC: 34    Str: 23    XL:     10   Next: 17%
Magic:  0/10       EV:  6    Int: 16    God:    Okawaru [**....]
Gold:   515        SH:  8    Dex: 12    Spells: 9/9 levels left

rFire   . . .        p - +0 flail (protect)
rCold   . . .        g - +2 buckler of Midsummer {rN+}
rNeg    + + .        o - +0 plate armour
rPois   ∞            (no helmet)
rElec   +            a - +0 cloak
rCorr   .            f - +2 pair of gloves {Dex+3}
SInv    .            y - +0 pair of boots
Will    .....        m - amulet of guardian spirit
Stlth   x              - +6 ring of intelligence
HPRegen 0.30/turn    (no ring)
MPRegen 0.12/turn

%: guardian spirit
@: under a protective aura
A: sickness immunity, AC +7, negative energy resistance 1, electricity
resistance, torment resistance 1, petrification resistance
a: Renounce Religion, Heroism


You were on level 9 of the Dungeon.
You worshipped Okawaru.
Okawaru was pleased with you.
You visited 1 branch of the dungeon, and saw 9 of its levels.

You collected 515 gold pieces.

Inventory:

Hand Weapons
 p - a +0 flail of protection (weapon)
 v - a +0 morningstar
Missiles
 r - 2 poisoned darts (quivered)
Armour
 a - a +0 cloak (worn)
 f - a +2 pair of gloves of dexterity (worn)
 g - the +2 buckler of Midsummer (worn) {rN+}
   (You acquired it on level 4 of the Dungeon)

   rN:        It protects you from negative energy.
 o - a +0 plate armour (worn)
 y - a +0 pair of boots (worn)
Jewellery
 m - an amulet of guardian spirit (around neck)
 x - a +6 ring of intelligence (left hand)
Wands
 b - a wand of paralysis (9)
 w - a wand of flame (18)
Scrolls
 e - a scroll of fear
 n - a scroll of identify
 s - a scroll of blinking
Potions
 d - a potion of might
 h - 5 potions of flight
 i - 2 potions of mutation
 j - 2 potions of invisibility
 k - a potion of cancellation
 l - 3 potions of heal wounds
 q - 2 potions of brilliance
 t - 11 potions of curing
 u - 3 potions of berserk rage


   Skills:
 + Level 8.5 Fighting
 + Level 7.4 Maces & Flails
 + Level 8.6 Armour
 + Level 8.5 Shields


You had 9 spell levels left.
You didn't know any spells.
Your spell library contained the following spells:

 Spells                   Type           Power      Damage    Failure   Level
 Apportation              Tloc           0%         N/A       99%         1
 Blink                    Tloc           0%         N/A       99%         2
 Lesser Beckoning         Tloc           0%         N/A       99%         2
 Momentum Strike          Conj/Tloc      0%         3d8       99%         2
 Hailstorm                Conj/Ice       0%         3d3       100%        3
 Inner Flame              Hex/Fire       0%         N/A       100%        3
 Flame Wave               Conj/Fire      0%         2d4       100%        4
 Ice Form                 Ice/Tmut       0%         N/A       100%        4
 Sticky Flame             Conj/Fire      0%         2d3       100%        4
 Alistair's Intoxication  Tmut/Pois      0%         N/A       100%        5
 Simulacrum               Ice/Necr       Unusable   N/A       N/A         6

Dungeon Overview and Level Annotations

Branches:
Dungeon (9/15)             Temple (0/1) D:7
   Lair: D:8-11         Orc: D:9-12

Altars:
Ashenzari
Dithmenos
Gozag
Kikubaaqudgha
Makhleb
Nemelex Xobeh
Okawaru
Qazlal
Trog
Uskayaw
Xom
Zin


Innate Abilities, Weirdness & Mutations

You are immune to sickness and miasma.
Your stone body is resilient. (AC +7)
You are immune to poison.
You resist negative energy. (rN+)
You are resistant to electric shocks. (rElec)
You are resistant to unholy torment.
You are immune to petrification.


Message History

The polar bear claws you but does no damage.
The polar bear barely misses you.
You hit the polar bear.
The polar bear is severely wounded.
You block the polar bear's attack. x2
The polar bear claws you but does no damage.
You barely miss the polar bear.
The polar bear is severely wounded.
The polar bear bites you. You block the polar bear's attack. x2
You hit the polar bear but do no damage.
The polar bear is severely wounded.
The polar bear bites you but does no damage.
The polar bear claws you but does no damage.
You block the polar bear's attack.
You thump the polar bear!
The polar bear is almost dead.
The polar bear goes berserk!
You hit the polar bear.
The polar bear is almost dead.
The polar bear bites you.
* * * LOW HITPOINT WARNING * * *
The polar bear claws you but does no damage. x2
The polar bear bites you but does no damage.
You block the polar bear's attack. x2
You thump the polar bear!
The polar bear is almost dead.
The polar bear bites you but does no damage.
The polar bear claws you but does no damage.
You block the polar bear's attack.
You barely miss the polar bear.
The polar bear is almost dead.
The polar bear bites you!
* * * LOW HITPOINT WARNING * * *
The polar bear claws you but does no damage. x2
The polar bear barely misses you. x2; The polar bear claws you.
* * * LOW HITPOINT WARNING * * *
You barely miss the polar bear.
The polar bear is almost dead.
The polar bear bites you!
You die...

..# ..# .... ..##### #######
...... ......# #.....# #......
......+ #.....# #....# ......#
#.....# +....#
......#########.....####....#
............................###
................@h............#.
#######.......>..)..............
#############...............#
#≈≈≈≈≈≈≈≈# #...............#
###........####..#####........#
............._#..# #..........
###........####..# #..........
#≈≈≈≈≈≈≈≈# #..# #........#.
########## #.. #######....


You could see a polar bear (berserk).

Vanquished Creatures
  Maggie (D:9)
  Grinder (D:3)
  A shadow (D:7)
  2 steam dragons
  2 water moccasins
  An orc warrior (D:6)
  A sky beast (D:8)
  An ogre (D:5)
  A wolf (D:9)
  3 centaurs
  A phantom (D:6)
  4 bullfrogs
  A gnoll sergeant (D:6)
  8 wights
  11 killer bees
  5 jellies
  A hound (D:6)
  5 orc priests
  A gnoll bouda (D:4)
  4 iguanas
  A sleepcap (D:4)
  An orc wizard (D:7)
  9 adders
  10 gnolls
  A shadow imp (D:5)
  2 ufetubi
  5 dart slugs
  19 orcs
  11 ball pythons
  A bat zombie (D:9)
  9 endoplasms
  3 giant cockroaches
  9 goblins
  4 hobgoblins
  4 jackals (D:3)
  2 quokkas
  3 bats (D:2)
  5 frilled lizards
  8 kobolds
  A rat zombie (D:9)
163 creatures vanquished.

Vanquished Creatures (others)
  A gnoll (D:6)
1 creature vanquished.

Grand Total: 164 creatures vanquished

Notes
Turn   | Place    | Note
-------+----------+-------------------------------------------
     0 | D:1      | Dittersdorf the Gargoyle Fighter began the quest for the
                  | Orb.
     0 | D:1      | Reached XP level 1. HP: 14/14 MP: 1/1
   169 | D:1      | Reached XP level 2. HP: 7/19 MP: 2/2
   267 | D:1      | Found a faded altar of an unknown god.
   762 | D:1      | Reached XP level 3. HP: 23/23 MP: 3/3
  1278 | D:2      | Found a broken altar of Ashenzari.
  1287 | D:2      | Reached XP level 4. HP: 29/29 MP: 4/4
  1744 | D:3      | Found a shimmering altar of Xom.
  1753 | D:3      | Reached XP level 5. HP: 9/33 MP: 5/5
  2126 | D:3      | Noticed Grinder
  2146 | D:3      | Killed Grinder
  2147 | D:3      | Reached XP level 6. HP: 14/40 MP: 6/6
  2510 | D:3      | Found a burning altar of Makhleb.
  2510 | D:3      | Noticed a cacodemon
  2953 | D:4      | Identified a scroll of acquirement
  2953 | D:4      | Acquired the +2 buckler of Midsummer {rN+}
  3008 | D:4      | Noticed a steam dragon
  3154 | D:4      | Reached skill level 5 in Armour
  3249 | D:4      | Reached skill level 5 in Fighting
  3249 | D:4      | Reached XP level 7. HP: 40/44 MP: 7/7
  3251 | D:4      | Reached skill level 5 in Shields
  3364 | D:4      | Killed a steam dragon
  3740 | D:5      | Entered Level 5 of the Dungeon
  4044 | D:5      | Found a glowing silver altar of Zin.
  4393 | D:5      | Found a bloodstained altar of Trog.
  4437 | D:5      | Reached XP level 8. HP: 13/51 MP: 2/8
  4831 | D:6      | Found a sparkling altar of Nemelex Xobeh.
  4871 | D:6      | Reached skill level 5 in Maces & Flails
  5741 | D:6      | Reached XP level 9. HP: 54/56 MP: 7/9
  5880 | D:6      | Found an iron altar of Okawaru.
  5888 | D:6      | Became a worshipper of Warmaster Okawaru
  6215 | D:7      | Found a staircase to the Ecumenical Temple.
  6436 | D:7      | Found a stormy altar of Qazlal.
  6693 | D:8      | Reached * piety under Okawaru
  6768 | D:8      | Found a shadowy altar of Dithmenos.
  6820 | D:8      | Found an opulent altar of Gozag.
  7426 | D:8      | Found a hide-covered altar of Uskayaw.
  7996 | D:9      | Reached XP level 10. HP: 56/64 MP: 6/10
  8015 | D:9      | Reached ** piety under Okawaru
  8069 | D:9      | Found an ancient bone altar of Kikubaaqudgha.
  8110 | D:9      | Noticed Maggie
  8149 | D:9      | Killed Maggie
  8160 | D:9      | HP: 3/65 [polar bear (2)]
  8161 | D:9      | Slain by a polar bear

Illustrated notes

Levels and vault maps discovered:
D:1:      minmay_arrival_five_plusses, layout_loops_cross,
          shapermc_ecumenical_altar_ellora, st_stairs_11, minmay_quantized
D:2:      layout_loops_ring, basic_altar
D:3:      minmay_wonky_spiral, layout_basic, makhleb_altar_promises_db,
          dk_xom_monty_hall, patterned_corridor, uniq_grinder
D:4:      layout_rooms
D:5:      layout_gridville, mainiacjoe_overflow_catwalk,
          mainiacjoe_overflow_concentric_impassable, roderic_lattice_a
D:6:      layout_rooms, lemuel_doored_altar, okawaru_trees_1,
          corexii_hall_statues_i, nicolae_concentric_dashed_squares_mild
D:7:      wander_river, layout_basic, mainiacjoe_overflow_alcove_4,
          minmay_temple_entry_sparse_star
D:8:      layout_gridville, grunt_gozag_statues, lemuel_round_altar,
          nicolae_uskayaw_dance_hall
D:9:      layout_irregular_city, gammafunk_temple_overflow_statue,
          lemuel_zombie_altar_kikubaaqudgha, orc_0_dummy, serial_ice,
          serial_ice_o, serial_ice_d, serial_ice_c, serial_ice_b, serial_ice_e,
          serial_ice_g, serial_ice_n, enter_bailey_5, minmay_misc_feat_doors,
          uniq_maggie

Skill      XL: |  1  2  3  4  5  6  7  8  9 |
---------------+----------------------------+-----
Armour         | 4 5 6 8 |  8.6
Fighting       | 4 5 6 8 |  8.5
Maces & Flails | 3 4 5 7 |  7.4
Shields        | 4 5 6 8 |  8.5

Action                     |  1- 3 |  4- 6 |  7- 9 | 10-12 || total
---------------------------+-------+-------+-------+-------++-------
  Melee: Flail             |   108 |   144 |   577 |    64 ||   893
 Invoke: Heroism           |       |       |       |     1 ||     1
    Use: Scroll            |       |    14 |     6 |       ||    20
 Armour: Scale mail        |    59 |    76 |       |       ||   135
         Chain mail        |       |    17 |   178 |       ||   195
         Plate armour      |       |       |   260 |   111 ||   371
  Dodge: Dodged            |    60 |    61 |   215 |    34 ||   370
  Block: Buckler           |    30 |    44 |   238 |    47 ||   359

Table legend: (Time is in decaauts)
 A = Elapsed time spent in this place.
 B = Non-inter-level travel time spent in this place.
 C = Inter-level travel time spent in this place.
 D = Time resting spent in this place.
 E = Time spent auto-exploring this place.
 F = Levels seen in this place.
 G = Mean time per level.
                   A        B        C        D        E       F      G
               +--------+--------+--------+--------+--------+-----+--------+
         Total |   8327 |   7930 |    397 |   1537 |   4270 |   9 |  925.2 |
       Dungeon |   8327 |   7930 |    397 |   1537 |   4270 |   9 |  925.2 |
               +--------+--------+--------+--------+--------+-----+--------+

Top non-repeatable levels by time:
     D:6: 1278 daAuts
     D:3: 1123 daAuts
     D:7: 1060 daAuts
     D:5: 1046 daAuts
     D:4: 1012 daAuts
     D:1: 899 daAuts
     D:8: 898 daAuts
     D:2: 829 daAuts
     D:9: 178 daAuts
